 Dungeon Crawl Stone Soup version 0.23.2 (webtiles) character file.

Game seed: 17806473282736379496

77 Borgoz the Cutter (level 4, 0/37 HPs)
             Began as a Ghoul Gladiator on Apr 4, 2019.
             Slain by Terence
             ... wielding a +0 hand axe of electrocution
              (9 damage)
             ... on level 3 of the Dungeon.
             The game lasted 00:01:51 (1861 turns).

Borgoz the Cutter (Ghoul Gladiator)                 Turns: 1861, Time: 00:01:51

Health: 0/37       AC:  4    Str: 17    XL:     4   Next: 34%
Magic:  3/3        EV: 12    Int:  3    God:
Gold:   104        SH:  0    Dex: 11    Spells: 3/3 levels left

rFire    . . .     SeeInvis .   a - +0 rapier
rCold    + . .     Gourm    .   (no shield)
rNeg     + + +     Faith    .   b - +0 leather armour
rPois    ∞         Spirit   .   c - +0 helmet
rElec    .         Reflect  .   (no cloak)
rCorr    .         Harm     .   (no gloves)
MR       .....                  (no boots)
Stlth    +.........             (no amulet)
HPRegen  0.00/turn              (no ring)
MPRegen  0.08/turn              (no ring)

@: rotting
A: rotting body, claws 1, carnivore, cold resistance 1, negative energy
resistance 3, inhibited regeneration, torment resistance, unbreathing
a: no special abilities


You were on level 3 of the Dungeon.
You were not hungry.

You visited 1 branch of the dungeon, and saw 3 of its levels.

You collected 104 gold pieces.

Inventory:

Hand Weapons
 a - a +0 rapier (weapon)
Missiles
 d - 2 throwing nets (quivered)
Armour
 b - a +0 leather armour (worn)
 c - a +0 helmet (worn)
Scrolls
 g - a scroll of amnesia {unknown}
 h - a scroll of fog {unknown}
 i - a scroll of blinking {unknown}
 l - 2 scrolls of teleportation {unknown}
 n - 3 scrolls of remove curse {unknown}
 o - 2 scrolls of immolation {unknown}
 q - 2 scrolls of identify {unknown}
 s - a scroll of fear {unknown}
Potions
 e - 2 potions of curing {unknown}
 j - a potion of might {unknown}
 k - a potion of flight {unknown}
 m - a potion of lignification {unknown}
 p - a potion of degeneration {unknown}
Comestibles
 f - 2 rations


   Skills:
 + Level 2.6 Fighting
 * Level 3.2 Short Blades
 - Level 1.7 Throwing
 * Level 1.5 Armour
 * Level 3.2 Dodging
 + Level 1.2 Stealth


You had 3 spell levels left.
You didn't know any spells.
Your spell library was empty.

Dungeon Overview and Level Annotations

Branches:
Dungeon (3/15)

Altars:

Annotations:
D:3 Terence


Innate Abilities, Weirdness & Mutations

Your body is rotting away.
You thrive on raw meat.
You are immune to poison.
You have sharp fingernails.
You are carnivorous and can eat meat at any time.
Your flesh is cold resistant. (rC+)
You are immune to negative energy. (rN+++)
You do not regenerate when monsters are visible.
You are immune to unholy pain and torment.
You can survive without breathing.


Message History

No target in view!
No target in view!
No target in view!
Found 9 gold pieces.
You hit Terence but do no damage.
Terence hits you with a +0 hand axe of electrocution.
You are electrocuted!
You closely miss Terence.
Terence hits you with a +0 hand axe of electrocution!
You are too injured to fight recklessly!
You are too injured to fight recklessly!
Throwing (i - inventory)
d - 3 throwing nets (quivered)
Press: ? - help, Shift-Dir - straight line, f - Terence
Aim: Terence, wielding a +0 hand axe of electrocution and wearing a +0 chain mail You throw a throwing net.
The throwing net closely misses Terence.
Terence hits you with a +0 hand axe of electrocution.
* * * LOW HITPOINT WARNING * * *
You are electrocuted!
You die...

####.# #($..#
#.#....#
#.#.... #.#...
#.#..
#.#@###### #
#.#@.....#
#.##........#
###...........#
#.......#####.#
###.###.#...#.#
# #.#.....#
#.#....<#
#.##....####
...........#


You could see Terence.

Vanquished Creatures
  4 adders (D:2)
  2 leopard geckos (D:1)
  A giant cockroach (D:2)
  4 goblins
  2 hobgoblins
  6 jackals
  6 kobolds
  A ball python (D:1)
  4 bats (D:1)
  2 frilled lizards
  3 rats
35 creatures vanquished.

Notes
Turn   | Place    | Note
-------+----------+-------------------------------------------
     0 | D:1      | Borgoz the Ghoul Gladiator began the quest for the Orb.
     0 | D:1      | Reached XP level 1. HP: 17/17 MP: 0/0
   133 | D:1      | Reached XP level 2. HP: 13/24 MP: 1/1
   595 | D:1      | Reached skill level 1 in Armour
   595 | D:1      | Reached XP level 3. HP: 30/30 MP: 2/2
  1057 | D:2      | Reached skill level 1 in Stealth
  1129 | D:2      | Reached XP level 4. HP: 37/37 MP: 3/3
  1855 | D:3      | Noticed Terence
  1861 | D:3      | Slain by Terence

Skill      XL: |  1  2  3 |
---------------+----------+-----
Short Blades   | 3 |  3.2
Dodging        | 3 |  3.2
Armour         | 1 |  1.5
Stealth        | 1 |  1.2
Fighting       | |  2.6
Throwing       | |  1.7

Action                   |  1- 3 |  4- 6 || total
-------------------------+-------+-------++-------
Melee: Rapier            |    87 |    24 ||   111
Throw: Throwing net      |       |     1 ||     1
 Stab: Sleeping          |       |     1 ||     1
  Eat: Chunk             |     9 |     3 ||    12
Armor: Leather armour    |    22 |     5 ||    27
Dodge: Dodged            |    60 |    11 ||    71
